 Dungeon Crawl Stone Soup version 0.26-a0-613-g4f23886233 (webtiles) character file.

Game seed: 8897662918781642516

14902 MrRokkomies the Carver (level 12, -2/76 HPs)
             Began as a Tengu Gladiator on Sept 11, 2020.
             Was a Believer of Uskayaw.
             Slain by a dire elephant (24 damage)
             ... on level 2 of the Lair of Beasts.
             The game lasted 00:33:22 (12707 turns).

MrRokkomies the Carver (Tengu Gladiator)           Turns: 12707, Time: 00:33:23

Health: -2/76      AC:  8    Str: 14    XL:     12   Next: 21%
Magic:  20/20      EV: 20    Int: 14    God:    Uskayaw [**....]
Gold:   288        SH:  0    Dex: 16    Spells: 9/11 levels left

rFire    . . .     SeeInvis .   I - +5 scythe "Finisher" {speed, eviscerate}
rCold    . . .     Faith    .   (shield currently unavailable)
rNeg     + . .     Spirit   .   p - +0 ring mail {MR+}
rPois    .         Reflect  .   c - +0 hat
rElec    .         Harm     .   i - +1 cloak
rCorr    .                      y - +0 pair of gloves of the Cartwright {Regen+} (curse)
MR       +....                  (boots unavailable)
Stlth    +.........             (no amulet)
HPRegen  0.62/turn              A - ring of positive energy
MPRegen  0.17/turn              (no ring)

@: flying quickly and evasively, quick
A: beak, talons 3, able to fly
a: Stop Flying, Stomp, Line Pass, Renounce Religion


You were on level 2 of the Lair of Beasts.
You worshipped Uskayaw.
Uskayaw was aware of your devotion.
You visited 3 branches of the dungeon, and saw 13 of its levels.

You collected 783 gold pieces.
You spent 495 gold pieces at shops.

Inventory:

Hand Weapons
 a - the +10 hand axe "Aklics" {drain, Int+2}
   (You found it on level 7 of the Dungeon)

   A truly terrible weapon, it drains the life of those it strikes.
   It affects your intelligence (+2).
 b - a +2 hunting sling of freezing
 I - the +5 scythe "Finisher" (weapon) {speed, eviscerate}
   (You found it on level 7 of the Dungeon)

   Attacks with this weapon are significantly faster.
Missiles
 d - 4 throwing nets
 o - 175 sling bullets
 q - 6 javelins (quivered)
 x - 71 bolts
 N - 4 curare-tipped darts
Armour
 c - a +0 hat (worn)
 i - a +1 cloak (worn)
 p - a +0 ring mail of magic resistance (worn)
 t - the +1 leather armour of Liberty {+Inv Str+2}
   (You bought it in a shop on level 5 of the Dungeon)

   It affects your strength (+2).
   It lets you turn invisible.
 y - the cursed +0 pair of gloves of the Cartwright (worn) {Regen+}
   (You bought it in a shop on level 5 of the Dungeon)

   It increases your rate of regeneration.
   It has a curse placed upon it.
Jewellery
 A - a ring of positive energy (left hand)
Wands
 s - a wand of enslavement (21)
 u - a wand of iceblast (7)
 C - a wand of acid (16)
 L - a wand of random effects (29)
Scrolls
 n - 2 scrolls of teleportation
 r - 9 scrolls of remove curse
 w - a scroll of enchant weapon
 B - 2 scrolls of enchant armour
 E - 2 scrolls of fog
 F - 2 scrolls of magic mapping
 G - 8 scrolls of identify
 H - a scroll of blinking
Potions
 e - a potion of stabbing
 f - 10 potions of curing
 g - 7 potions of might
 h - a potion of flight
 j - 2 potions of invisibility
 k - a potion of berserk rage
 l - 3 potions of magic
 m - a potion of haste {unknown}
 v - a potion of cancellation {unknown}
 z - a potion of ambrosia {unknown}
 D - a potion of mutation {unknown}
 M - a potion of brilliance {unknown}
 O - a potion of resistance


   Skills:
 + Level 9.3 Fighting
   Level 10.1 Long Blades
 * Level 6.9 Polearms
 - Level 2.0 Throwing
 + Level 9.8 Dodging
 * Level 9.8 Invocations


You had 9 spell levels left.
You knew the following spells:

 Your Spells              Type           Power        Failure   Level
a - Searing Ray           Conj           #.....       65%         2

Your spell library contained the following spells:

 Spells                   Type           Power        Failure   Level
 Magic Dart               Conj           #...         52%         1
 Dazzling Flash           Conj/Hex       #.....       87%         3
 Fulminant Prism          Conj/Hex       #.........   99%         4
 Iskenderun's Mystic Bla  Conj/Tloc      #.......     99%         4


Dungeon Overview and Level Annotations

Branches:
Dungeon (10/15)            Temple (1/1) D:5            Lair (2/6) D:10
  Snake (0/4) Lair:2          Orc (0/2) D:10
  Swamp: Lair:2-4    Shoals: Lair:2-4

Altars:
Ashenzari
Cheibriados
Dithmenos
Elyvilon
Fedhas
Gozag
Hepliaklqana
Kikubaaqudgha
Makhleb
Nemelex Xobeh
Okawaru
Qazlal
Ru
Sif Muna
Trog
Uskayaw
Vehumet
Wu Jian
Xom
Yredelemnul
Zin
The Shining One

Shops:
D:5 :*[   D:10 (

Annotations:
D:8 2 transporters
D:10 1 transporter
Lair:1 2 transporters, exclusion: oklob plant
Lair:2 2 transporters, rtg's ghost, journeyman MiFi


Innate Abilities, Weirdness & Mutations

You have a beak for a mouth.
You have claws for feet.
You can fly continuously.


Message History

The dire elephant barely misses you. The dire elephant trunk-slaps you.
You slash the dire elephant! You claw the dire elephant.
The dire elephant is moderately wounded.
The dire elephant tramples you.
You are shoved backwards!
You can now pass through a line of other dancers.
You hit the dire elephant but do no damage.
You peck the dire elephant, but do no damage.
The dire elephant is moderately wounded.
The dire elephant tramples you!!
* * * LOW HITPOINT WARNING * * *
You are shoved backwards!
You are too injured to fight recklessly!
You are too injured to fight recklessly!
You are too injured to fight recklessly!
You are too injured to fight recklessly!
You hit the dire elephant. You claw the dire elephant.
You peck the dire elephant.
The dire elephant is heavily wounded.
The dire elephant tramples you!!
You die...

..77..P.......≈P.........7.......
..77PP........≈≈....P..777.......
..7777P.P......≈≈..P..7P77.......
...777PP.P......≈....PP77........
....77P.P...........P7P7.........
....77P7............7P77.........
.....777777.....7.77777..........
.....(777777....777777...........
.....(.........Y@................
..........(......................
.................................
.................................
.....................(...........
............>....................
.................................
.................................
.................................


You could see a dire elephant.

Vanquished Creatures
  Harold (D:6)
  Joseph (D:8)
  10 elephants
  A cane toad (Lair:1)
  Maggie (D:8)
  2 rime drakes
  2 komodo dragons (Lair:2)
  2 hippogriffs
  3 blink frogs (Lair:1)
  A spriggan (Lair:2)
  2 basilisks (Lair:1)
  5 wraiths
  A wyvern (D:10)
  2 yaks (D:10)
  Menkaure (D:7)
  4 water moccasins
  5 porcupines
  3 sky beasts
  An eye of draining (D:8)
  5 ice beasts
  A black bear (D:10)
  4 centaurs
  2 ogres
  4 crocodiles
  13 bullfrogs
  2 gnoll sergeants
  6 scorpions
  5 killer bees (D:7)
  11 wights
  A howler monkey (D:6)
  2 bullfrog zombies
  A bullfrog skeleton (D:7)
  7 hounds
  2 orc priests
  5 jellies
  5 orc wizards
  Crazy Yiuf (D:5)
  An iguana (D:6)
  Ijyb (D:4)
  Natasha (thrice) (D:2)
  6 worker ants
  A killer bee zombie (D:8)
  A worker ant zombie (D:5)
  14 adders
  9 gnolls
  A shadow imp (D:7)
  A white imp (D:9)
  An ufetubus (D:7)
  3 oozes
  3 adder skeletons
  A dart slug (D:4)
  5 worms
  6 leopard geckos
  23 orcs
  4 giant cockroaches
  10 goblins
  5 hobgoblins
  4 jackals
  2 quokkas
  A ball python (D:1)
  A ball python skeleton (D:5)
  A ball python zombie (D:5)
  5 bats (D:3)
  7 frilled lizards
  12 kobolds
  3 rats
260 creatures vanquished.

Vanquished Creatures (collateral kills)
  3 elephants (Lair:1)
  A scorpion (Lair:1)
4 creatures vanquished.

Vanquished Creatures (others)
  86 fungi
  57 plants
143 creatures vanquished.

Grand Total: 407 creatures vanquished

Notes
Turn   | Place    | Note
-------+----------+-------------------------------------------
     0 | D:1      | MrRokkomies the Tengu Gladiator began the quest for the
                  | Orb.
     0 | D:1      | Reached XP level 1. HP: 12/12 MP: 2/2
   129 | D:1      | Reached XP level 2. HP: 17/17 MP: 3/3
   732 | D:2      | Reached XP level 3. HP: 2/22 MP: 4/4
  1073 | D:2      | Noticed Natasha
  1080 | D:2      | Reached skill level 4 in Long Blades
  1081 | D:2      | Killed Natasha
  1081 | D:2      | Reached XP level 4. HP: 21/28 MP: 5/5
  1102 | D:2      | Noticed Natasha
  1108 | D:2      | Killed Natasha
  1531 | D:2      | Noticed Natasha
  1538 | D:2      | Killed Natasha
  1644 | D:2      | Gained mutation: You can fly continuously. [Tengu growth]
  1644 | D:2      | Reached XP level 5. HP: 32/32 MP: 6/6
  1645 | D:2      | Found an ornate altar of the Wu Jian Council.
  2891 | D:4      | Reached skill level 5 in Long Blades
  3040 | D:4      | Reached XP level 6. HP: 38/38 MP: 7/7
  3049 | D:4      | Found an iron altar of Okawaru.
  3484 | D:4      | Found a hazy altar of Hepliaklqana.
  3581 | D:4      | Noticed Ijyb
  3640 | D:4      | Killed Ijyb
  3960 | D:5      | Entered Level 5 of the Dungeon
  3968 | D:5      | Found a shadowy altar of Dithmenos.
  4017 | D:5      | Found a white marble altar of Elyvilon.
  4020 | D:5      | Noticed an ice beast
  4025 | D:5      | Killed an ice beast
  4025 | D:5      | Reached XP level 7. HP: 44/44 MP: 8/8
  4042 | D:5      | Reached skill level 5 in Fighting
  4042 | D:5      | Reached skill level 6 in Long Blades
  4116 | D:5      | Reached skill level 5 in Dodging
  4284 | D:5      | Found Joutuhac's Book Boutique.
  4488 | D:5      | Found a staircase to the Ecumenical Temple.
  4497 | Temple   | Entered the Ecumenical Temple
  4616 | Temple   | Became a worshipper of Uskayaw the Reveler
  4671 | D:5      | Reached * piety under Uskayaw
  4690 | D:5      | Found Xacijan's Assorted Antiques.
  4784 | D:5      | Reached ** piety under Uskayaw
  4868 | D:5      | Reached skill level 1 in Invocations
  5088 | D:5      | Found Vugoh's Antique Armour Emporium.
  5097 | D:5      | Bought a pair of heavily runed gloves for 285 gold pieces
  5102 | D:5      | Identified the cursed +0 pair of gloves of the Cartwright
                  | {Regen+} (You bought it in a shop on level 5 of the
                  | Dungeon)
  5211 | D:5      | Reached XP level 8. HP: 26/51 MP: 8/10
  5212 | D:5      | Reached *** piety under Uskayaw
  5217 | D:5      | Reached **** piety under Uskayaw
  5396 | D:5      | Found a runed translucent door.
  5397 | D:5      | Noticed Crazy Yiuf
  5411 | D:5      | Killed Crazy Yiuf
  5411 | D:5      | Reached skill level 7 in Long Blades
  5628 | D:6      | Found a blossoming altar of Fedhas.
  5789 | D:6      | Reached skill level 8 in Long Blades
  5796 | D:6      | Reached ***** piety under Uskayaw
  5800 | D:6      | Reached XP level 9. HP: 55/55 MP: 12/12
  5857 | D:6      | Found an ancient bone altar of Kikubaaqudgha.
  6187 | D:6      | Learned a level 2 spell: Searing Ray
  6452 | D:7      | Noticed Harold
  6477 | D:7      | Reached ****** piety under Uskayaw
  6480 | D:6      | HP: 2/56 [poisoned by a killer bee]
  6485 | D:6      | HP: 2/56 [poisoned by a killer bee]
  6596 | D:6      | Killed Harold
  6596 | D:6      | Reached skill level 9 in Long Blades
  6596 | D:6      | Reached skill level 5 in Invocations
  6642 | D:7      | Noticed Menkaure
  6649 | D:7      | Killed Menkaure
  6651 | D:6      | HP: 2/57 [wraith (3)]
  6772 | D:7      | Got a bloodstained hand axe
  6776 | D:7      | Identified the +10 hand axe "Aklics" {drain, Int+2} (You
                  | found it on level 7 of the Dungeon)
  6803 | D:7      | Reached XP level 10. HP: 40/63 MP: 15/15
  6911 | D:7      | Reached skill level 10 in Long Blades
  7264 | D:7      | Found the +5 scythe "Finisher" {speed, eviscerate}
  7515 | D:7      | Found a glowing silver altar of Zin.
  7676 | D:8      | You are sucked into a shaft and drop 1 floor!
  7688 | D:9      | Reached skill level 1 in Polearms
  7835 | D:8      | Noticed Maggie
  7846 | D:8      | Killed Maggie
  7948 | D:8      | Found a glowing golden altar of the Shining One.
  7950 | D:8      | Noticed a frost giant
  7954 | D:8      | Found a transporter.
  7961 | D:8      | Found a transporter.
  8110 | D:8      | Noticed Joseph
  8116 | D:8      | Killed Joseph
  9005 | D:5      | Bought a twisted leather armour for 210 gold pieces
  9015 | D:5      | Identified the +1 leather armour of Liberty {+Inv Str+2}
                  | (You bought it in a shop on level 5 of the Dungeon)
  9425 | D:9      | Found a snail-covered altar of Cheibriados.
  9507 | D:10     | Entered Level 10 of the Dungeon
  9607 | D:10     | Reached XP level 11. HP: 57/68 MP: 17/17
  9611 | D:10     | Found a staircase to the Lair.
  9662 | D:10     | Found a staircase to the Orcish Mines.
  9695 | D:10     | Found a sparkling altar of Nemelex Xobeh.
  9695 | D:10     | Found a transporter.
  9695 | D:10     | Noticed a war gargoyle
  9696 | D:10     | Noticed an orc knight
  9805 | D:10     | Found Avoeju's Antique Weapon Shoppe.
 10194 | Lair:1   | Entered Level 1 of the Lair of Beasts
 10194 | Lair:1   | Found a transporter.
 10461 | Lair:2   | Noticed rtg's ghost (journeyman MiFi)
 10462 | Lair:2   | Found a transporter.
 11078 | Lair:1   | Found a transporter.
 11080 | Lair:1   | Noticed a swamp dragon
 11081 | Lair:1   | Noticed a swamp dragon
 11081 | Lair:1   | Noticed a swamp dragon
 11081 | Lair:1   | Noticed a swamp dragon
 11289 | Lair:1   | Noticed an oklob plant
 11605 | Lair:2   | Found a transporter.
 11639 | Lair:2   | Reached skill level 5 in Polearms
 11711 | Lair:2   | Found a staircase to the Snake Pit.
 11846 | Lair:1   | Reached XP level 12. HP: 26/76 MP: 20/20
 12052 | Lair:2   | Noticed a dire elephant
 12707 | Lair:2   | Slain by a dire elephant

Illustrated notes

Levels and vault maps discovered:
D:1:      minmay_arrival_hallway, layout_rooms, serial_forest,
          infiniplex_forest_straight_2, infiniplex_forest_clump_long,
          infiniplex_forest_lined_1, infiniplex_forest_side_room,
          infiniplex_forest_join, serial_bayou_lagoon_b
D:2:      layout_loops_ring, nicolae_overflow_hidden_temple, uniq_natasha
D:3:      layout_loops_ring
D:4:      kennysheep_goblin_castle, layout_cave_pools,
          okawaru_ov_weapons_minmay, kennysheep_mini
D:5:      wad_river_or_something, layout_basic, nicolae_dithmenos_shadow_blocks,
          elyvilon_altar_3, minmay_temple_entry_drinking_statues, serial_shops,
          shop, shop, kennysheep_little_box, uniq_crazy_yiuf_cottage
D:6:      layout_basic, overflow_temple_1_default,
          nicolae_overflow_crystal_walls, kennysheep_small_circle
D:7:      layout_loops_ring, zin_statuary, st_stairs_3,
          minmay_guarded_unrand_finisher, uniq_menkaure, uniq_harold
D:8:      layout_gridville, gammafunk_temple_overflow_arena,
          serial_co_window_serial, co_window_corner_a, co_window_paths_b,
          co_window_cross_1, co_window_paths_b, co_window_corner_a,
          co_window_corner_a, co_window_of_opportunity_b, co_window_corner_ca,
          co_window_broadway_a, co_window_of_opportunity_b,
          co_window_broadway_a, co_window_paths_e, glass_columns_a,
          glass_columns_b, glass_columns_c, glass_columns_a, glass_columns_c,
          uniq_joseph, uniq_maggie
D:9:      layout_rooms, cheibriados_altar_1
D:10:     layout_loops_ring, due_lair_maze_entry_diamond, orc_0_dummy,
          serial_shops, shop, minmay_misc_feat_x, grunt_nemelex_the_gamble
Temple:   minmay_temple_bridge_abc
Lair:1:   gammafunk_cloud_chamber, layout_misc_corridors, grunt_megastairs_3,
          minmay_lair_oklob_chamber, lemuel_fruit_fields, serial_bayou_shore_b,
          serial_bayou_shore_b
Lair:2:   mu_elephants_graveyard, layout_regular_city, dummy_snake_entry,
          gammafunk_ghost_arena

Skill      XL: |  1  2  3  4  5  6  7  8  9 10 11 |
---------------+----------------------------------+-----
Long Blades    | 4 5 6 8 9 10 | 10.1
Fighting       | 3 4 5 6 7 8 9 |  9.3
Dodging        | 4 5 6 7 8 9 |  9.8
Invocations    | 1 3 5 7 9 |  9.8
Polearms       | 3 6 |  6.9
Throwing       | |  2.0

Action                   |  1- 3 |  4- 6 |  7- 9 | 10-12 || total
-------------------------+-------+-------+-------+-------++-------
Melee: Long sword        |    43 |   147 |   232 |       ||   422
       Peck              |    12 |    29 |    56 |    69 ||   166
       Kick              |    15 |    52 |    97 |    98 ||   262
       Hand axe          |       |       |    10 |    47 ||    57
       Scythe            |       |       |       |   316 ||   316
 Fire: Hunting sling     |       |     4 |       |       ||     4
Throw: Javelin           |     3 |     4 |     1 |    11 ||    19
       Throwing net      |       |       |     1 |       ||     1
Invok: Stomp             |       |       |     1 |       ||     1
       Line Pass         |       |       |     1 |       ||     1
 Abil: Fly               |       |     1 |       |       ||     1
Evoke: Wand              |       |       |     3 |     1 ||     4
  Use: Scroll            |       |       |    13 |    12 ||    25
       Potion            |       |       |     2 |     3 ||     5
 Stab: Sleeping          |     2 |     3 |     1 |     2 ||     8
       Paralysed         |       |       |    12 |     5 ||    17
       Held in net/web   |       |       |     1 |       ||     1
Armor: Leather armour    |     8 |    24 |    37 |    15 ||    84
       Skin              |       |    22 |       |       ||    22
       Ring mail         |       |       |       |    53 ||    53
Dodge: Dodged            |    32 |   113 |   250 |   295 ||   690
       Rpst.: Long sword |    10 |    30 |    64 |       ||   104

Table legend: (Time is in decaauts)
 A = Elapsed time spent in this place.
 B = Non-inter-level travel time spent in this place.
 C = Inter-level travel time spent in this place.
 D = Time resting spent in this place.
 E = Time spent auto-exploring this place.
 F = Levels seen in this place.
 G = Mean time per level.
                   A        B        C        D        E       F      G
               +--------+--------+--------+--------+--------+-----+--------+
         Total |  12185 |  11421 |    764 |   1933 |   7352 |  13 |  937.3 |
       Dungeon |   9652 |   8941 |    711 |   1365 |   6017 |  10 |  965.2 |
        Temple |    126 |    107 |     19 |      0 |     96 |   1 |  126.0 |
          Lair |   2406 |   2372 |     34 |    567 |   1238 |   2 | 1203.0 |
               +--------+--------+--------+--------+--------+-----+--------+

Top non-repeatable levels by time:
     D:5: 1485 daAuts
  Lair:2: 1293 daAuts
     D:8: 1215 daAuts
     D:2: 1134 daAuts
  Lair:1: 1113 daAuts
     D:6: 1084 daAuts
     D:4: 1066 daAuts
     D:7: 933 daAuts
     D:1: 902 daAuts
     D:3: 732 daAuts
    D:10: 639 daAuts
     D:9: 458 daAuts
  Temple: 126 daAuts
